3AA
FT. POLK SOUTH THUNDER HAWKS @ OTTAWA NATIONALS
09/12/2022
 
TOP OF THE 1ST
Ft. Polk South Thunder Hawks batting - Pitching for Ottawa Nationals : RHP Pedro Romero
Pitching: RHP Pedro Romero
Batting: SHB Francisco Reyes 0-0: Called Strike
0-1: Called Strike
0-2: SINGLE (Groundball, 34)
Batting: RHB Robbie Chambers 0-0: Ball
1-0: Ball
2-0: Ball
3-0: Called Strike
3-1: Foul Ball, location: 2F
3-2: Foul Ball, location: 2F
3-2: Foul Ball, location: 2F
3-2: Strikes out swinging
Batting: RHB Darrell Goldstein 0-0: Called Strike
0-1: Ball
1-1: Swinging Strike
1-2: Strikes out swinging
Batting: SHB Ted Hansen 0-0: Ball
1-0: Called Strike
1-1: Foul Ball, location: 2F
1-2: Ball
2-2: Ball
Francisco Reyes steals 2nd base
3-2: Foul Ball, location: 2F
3-2: Reached on error, E4 (Groundball, 4)
Francisco Reyes to third
Batting: RHB Jack Peck 0-0: Ball
1-0: Swinging Strike
1-1: Foul Ball, location: 2F
1-2: Strikes out swinging
Top of the 1st over - 0 run(s), 1 hit(s), 1 error(s), 2 left on base; Ft. Polk South 0 - Ottawa 0
BOTTOM OF THE 1ST
Ottawa Nationals batting - Pitching for Ft. Polk South Thunder Hawks : RHP Quintiliano Seixal
Pitching: RHP Quintiliano Seixal
Batting: RHB Francisco Morales 0-0: Called Strike
0-1: Foul Ball, location: 2F
0-2: Ball
1-2: Strikes out swinging
Batting: RHB Dirk Davis 0-0: Swinging Strike
0-1: Ball
1-1: Swinging Strike
1-2: Foul Ball, location: 2F
1-2: Foul Ball, location: 2F
1-2: Foul Ball, location: 2F
1-2: Foul Ball, location: 2F
1-2: Foul Ball, location: 2F
1-2: Strikes out swinging
Batting: RHB Rodrigo Pagán 0-0: Ball
1-0: Swinging Strike
1-1: Called Strike
1-2: Foul Ball, location: 2F
1-2: Ground out 4-3 (Groundball, 4)
Bottom of the 1st over - 0 run(s), 0 hit(s), 0 error(s), 0 left on base; Ft. Polk South 0 - Ottawa 0
TOP OF THE 2ND
Ft. Polk South Thunder Hawks batting - Pitching for Ottawa Nationals : RHP Pedro Romero
Batting: RHB Tommy Stanley 0-0: Foul Ball, location: 2F
0-1: Foul Ball, location: 2F
0-2: Ball
1-2: Ball
2-2: Foul Ball, location: 2F
2-2: Ball
3-2: Fly out, F8 (Line Drive, 89S)
Batting: SHB Paul Wright 0-0: Foul Ball, location: 2F
0-1: DOUBLE (Line Drive, 9LM)
Batting: LHB José López 0-0: Called Strike
0-1: Ball
1-1: Foul Ball, location: 2F
1-2: Ball
2-2: Strikes out looking
Batting: RHB Henry Weber 0-0: Swinging Strike
0-1: Ball
1-1: Foul Ball, location: 2F
1-2: Ball
2-2: Foul Ball, location: 2F
2-2: Strikes out looking
Top of the 2nd over - 0 run(s), 1 hit(s), 0 error(s), 1 left on base; Ft. Polk South 0 - Ottawa 0
BOTTOM OF THE 2ND
Ottawa Nationals batting - Pitching for Ft. Polk South Thunder Hawks : RHP Quintiliano Seixal
Batting: RHB José Icaza 0-0: Called Strike
0-1: Ball
1-1: Ball
2-1: Ball
3-1: Called Strike
3-2: Foul Ball, location: 2F
3-2: Foul Ball, location: 2F
3-2: Base on Balls
Batting: LHB Tony Ríos 0-0: Ball
1-0: Foul Ball, location: 2F
1-1: Foul Ball, location: 2F
1-2: Strikes out swinging
Batting: RHB Luke Turner 0-0: Foul Ball, location: 2F
0-1: Fly out, F8 (Flyball, 8LM)
Batting: LHB Jerry Burnett 0-0: Called Strike
0-1: Swinging Strike
0-2: Reached on error, E4 (Groundball, 34)
José Icaza to second
Batting: RHB Dan Curtis 0-0: Ball
1-0: Foul Ball, location: 2F
1-1: Fly out, F9 (Flyball, 89M)
Bottom of the 2nd over - 0 run(s), 0 hit(s), 1 error(s), 2 left on base; Ft. Polk South 0 - Ottawa 0
TOP OF THE 3RD
Ft. Polk South Thunder Hawks batting - Pitching for Ottawa Nationals : RHP Pedro Romero
Batting: SHB Francisco Reyes 0-0: Called Strike
0-1: Bunt missed!
0-2: Ball
1-2: Fly out, F8 (Flyball, 8RD)
Batting: RHB Robbie Chambers 0-0: Swinging Strike
0-1: Ball
1-1: Ball
2-1: Ball
3-1: Base on Balls
Batting: RHB Darrell Goldstein 0-0: Ball
Robbie Chambers steals 2nd base
1-0: Ball
2-0: Ball
3-0: Base on Balls
Batting: SHB Ted Hansen 0-0: Called Strike
0-1: Ball
1-1: Swinging Strike
1-2: Foul Ball, location: 2F
1-2: Foul Ball, location: 2F
1-2: Strikes out swinging
Batting: RHB Jack Peck 0-0: Called Strike
Single, Error in OF, E8, batter to second base
Robbie Chambers scores
Darrell Goldstein to third
Batting: RHB Tommy Stanley 0-0: Fly out, F1 (Line Drive, 15)
Top of the 3rd over - 1 run(s), 1 hit(s), 1 error(s), 2 left on base; Ft. Polk South 1 - Ottawa 0
BOTTOM OF THE 3RD
Ottawa Nationals batting - Pitching for Ft. Polk South Thunder Hawks : RHP Quintiliano Seixal
Batting: LHB Javier Hernández 0-0: Ball
1-0: Swinging Strike
1-1: SINGLE (Line Drive, 89S)
Batting: RHB Francisco Morales 0-0: Called Strike
0-1: Ball
1-1: Swinging Strike
1-2: Fly out, F9 (Flyball, 9LM)
Batting: RHB Dirk Davis 0-0: Called Strike
0-1: DOUBLE (Flyball, 8RD)
Javier Hernández to third
Runner from 3rd tries for Home, SAFE, throw made home
Batting: RHB Rodrigo Pagán 0-0: Called Strike
0-1: Fly out, F8 (Flyball, 8RM)
Batting: RHB José Icaza 0-0: Foul Ball, location: 2F
0-1: Ball
1-1: Swinging Strike
1-2: Strikes out swinging
Bottom of the 3rd over - 1 run(s), 2 hit(s), 0 error(s), 1 left on base; Ft. Polk South 1 - Ottawa 1
TOP OF THE 4TH
Ft. Polk South Thunder Hawks batting - Pitching for Ottawa Nationals : RHP Pedro Romero
Batting: SHB Paul Wright 0-0: Ball
1-0: Fly out, F9 (Line Drive, 9LM)
Batting: LHB José López 0-0: SINGLE (Line Drive, 78M)
Batting: RHB Henry Weber 0-0: Ball
1-0: Swinging Strike
1-1: Ball
2-1: Foul Ball, location: 2F
2-2: Fly out, F7 (Flyball, 78XD)
Batting: SHB Francisco Reyes 0-0: Called Strike
0-1: Foul Ball, location: 2F
0-2: Foul Ball, location: 2F
0-2: Foul Ball, location: 2F
0-2: Fly out, F8 (Popup, 6MD)
Top of the 4th over - 0 run(s), 1 hit(s), 0 error(s), 1 left on base; Ft. Polk South 1 - Ottawa 1
BOTTOM OF THE 4TH
Ottawa Nationals batting - Pitching for Ft. Polk South Thunder Hawks : RHP Quintiliano Seixal
Batting: LHB Tony Ríos 0-0: Swinging Strike
0-1: Swinging Strike
0-2: Ground out 1-3 (Groundball, 23)
Batting: RHB Luke Turner 0-0: Ball
1-0: Ball
2-0: Foul Ball, location: 2F
2-1: Swinging Strike
2-2: Fly out, F8 (Flyball, 8LD)
Batting: LHB Jerry Burnett 0-0: Ground out 5-3 (Groundball, 5)
Bottom of the 4th over - 0 run(s), 0 hit(s), 0 error(s), 0 left on base; Ft. Polk South 1 - Ottawa 1
TOP OF THE 5TH
Ft. Polk South Thunder Hawks batting - Pitching for Ottawa Nationals : RHP Pedro Romero
Batting: RHB Robbie Chambers 0-0: Ball
1-0: Called Strike
1-1: SINGLE (Flyball, 89S)
Batting: RHB Darrell Goldstein 0-0: Ball
1-0: Called Strike
1-1: Foul Ball, location: 2F
1-2: Foul Ball, location: 2F
1-2: Ball
2-2: Strikes out looking
Batting: SHB Ted Hansen 0-0: Foul Ball, location: 2F
0-1: Ball
1-1: Ball
2-1: Fly out, F9 (Flyball, 9D)
Batting: RHB Jack Peck 0-0: Ball
1-0: Ball
2-0: Foul Ball, location: 2F
2-1: Ball
3-1: SINGLE (Groundball, 15S) (infield hit)
Robbie Chambers to second
Pitching: RHP Lewis Miller
Batting: RHB Tommy Stanley 0-0: Foul Ball, location: 2F
0-1: Foul Ball, location: 2F
0-2: Foul Ball, location: 2F
0-2: Ball
1-2: Foul Ball, location: 2F
1-2: 3-RUN HOME RUN (Flyball, 78XD), Distance : 418 ft
Batting: SHB Paul Wright 0-0: Ball
1-0: Called Strike
1-1: Ball
2-1: Ball
3-1: Base on Balls
Batting: LHB José López 0-0: Called Strike
0-1: Called Strike
0-2: Ball
1-2: Fly out, F8 (Flyball, 8LM)
Top of the 5th over - 3 run(s), 3 hit(s), 0 error(s), 1 left on base; Ft. Polk South 4 - Ottawa 1
BOTTOM OF THE 5TH
Ottawa Nationals batting - Pitching for Ft. Polk South Thunder Hawks : RHP Quintiliano Seixal
Batting: RHB Dan Curtis 0-0: Foul Ball, location: 2F
0-1: Fly out, F9 (Flyball, 9M)
Batting: LHB Javier Hernández 0-0: Called Strike
0-1: Ball
1-1: Swinging Strike
1-2: Foul Ball, location: 2F
1-2: Ground out 1-3 (Groundball, 23)
Batting: RHB Francisco Morales 0-0: Ball
1-0: Ball
2-0: Foul Ball, location: 2F
2-1: Ball
3-1: Base on Balls
Batting: RHB Dirk Davis 0-0: Fielders Choice at 2nd, 6-4 (Groundball, 6)
Bottom of the 5th over - 0 run(s), 0 hit(s), 0 error(s), 0 left on base; Ft. Polk South 4 - Ottawa 1
TOP OF THE 6TH
Ft. Polk South Thunder Hawks batting - Pitching for Ottawa Nationals : RHP Lewis Miller
Batting: RHB Henry Weber 0-0: Foul Ball, location: 2F
0-1: Ball
1-1: Foul Ball, location: 2F
1-2: Foul Ball, location: 2F
1-2: Ball
2-2: Ball
3-2: Strikes out swinging
Batting: SHB Francisco Reyes 0-0: Fly out, F6 (Popup, 6MD)
Batting: RHB Robbie Chambers 0-0: Ball
1-0: Ball
2-0: Ground out 1-3 (Groundball, 13S)
Top of the 6th over - 0 run(s), 0 hit(s), 0 error(s), 0 left on base; Ft. Polk South 4 - Ottawa 1
BOTTOM OF THE 6TH
Ottawa Nationals batting - Pitching for Ft. Polk South Thunder Hawks : RHP Quintiliano Seixal
Batting: RHB Rodrigo Pagán 0-0: Ball
1-0: Ball
2-0: Ball
3-0: Called Strike
3-1: Foul Ball, location: 2F
3-2: Base on Balls
Batting: RHB José Icaza 0-0: Ball
1-0: Ball
2-0: Foul Ball, location: 2F
2-1: Ball
Rodrigo Pagán steals 2nd base
3-1: Ground out 6-3 (Groundball, 6)
Rodrigo Pagán to third
Batting: LHB Tony Ríos 0-0: Ball
1-0: Called Strike
1-1: SINGLE (Line Drive, 7S)
Rodrigo Pagán scores
Batting: RHB Luke Turner 0-0: Foul Ball, location: 2F
0-1: Ball
1-1: Ball
2-1: Called Strike
2-2: Ball
3-2: Ground out 4-3 (Groundball, 4)
Tony Ríos to second
Batting: LHB Jerry Burnett 0-0: Foul Ball, location: 2F
0-1: Ball
1-1: Swinging Strike
1-2: Ball
2-2: Strikes out looking
Bottom of the 6th over - 1 run(s), 1 hit(s), 0 error(s), 1 left on base; Ft. Polk South 4 - Ottawa 2
TOP OF THE 7TH
Ft. Polk South Thunder Hawks batting - Pitching for Ottawa Nationals : RHP Lewis Miller
Batting: RHB Darrell Goldstein 0-0: Ball
1-0: Called Strike
1-1: Called Strike
1-2: Ball
2-2: Ball
3-2: Strikes out swinging
Batting: SHB Ted Hansen 0-0: Ball
1-0: Called Strike
1-1: Ball
2-1: Ball
3-1: Called Strike
3-2: Fly out, F7 (Popup, 56D)
Batting: RHB Jack Peck 0-0: Foul Ball, location: 2F
0-1: Ball
1-1: Ground out 4-3 (Groundball, 4)
Top of the 7th over - 0 run(s), 0 hit(s), 0 error(s), 0 left on base; Ft. Polk South 4 - Ottawa 2
BOTTOM OF THE 7TH
Ottawa Nationals batting - Pitching for Ft. Polk South Thunder Hawks : RHP Quintiliano Seixal
Batting: RHB Dan Curtis 0-0: Ball
1-0: Fly out, F8 (Flyball, 89M)
Batting: LHB Javier Hernández 0-0: Ball
1-0: Ball
2-0: Swinging Strike
2-1: Ground out U3 (Groundball, 3S)
Batting: RHB Francisco Morales 0-0: Ball
1-0: Called Strike
1-1: Ball
2-1: DOUBLE (Line Drive, 7LS)
Batting: RHB Dirk Davis 0-0: Ball
1-0: Foul Ball, location: 2F
1-1: Ball
2-1: Swinging Strike
2-2: Strikes out swinging
Bottom of the 7th over - 0 run(s), 1 hit(s), 0 error(s), 1 left on base; Ft. Polk South 4 - Ottawa 2
TOP OF THE 8TH
Ft. Polk South Thunder Hawks batting - Pitching for Ottawa Nationals : RHP Lewis Miller
Batting: RHB Tommy Stanley 0-0: Called Strike
0-1: Swinging Strike
0-2: Strikes out swinging
Batting: SHB Paul Wright 0-0: Ball
1-0: Swinging Strike
1-1: Foul Ball, location: 2F
1-2: Ball
2-2: Foul Ball, location: 2F
2-2: Ball
3-2: Ground out 4-3 (Groundball, 4M)
Pitching: RHP Mike Lane
Batting: LHB José López 0-0: Ball
1-0: Foul Ball, location: 2F
1-1: Called Strike
1-2: Fly out, F7 (Flyball, 78S)
Top of the 8th over - 0 run(s), 0 hit(s), 0 error(s), 0 left on base; Ft. Polk South 4 - Ottawa 2
BOTTOM OF THE 8TH
Ottawa Nationals batting - Pitching for Ft. Polk South Thunder Hawks : RHP Quintiliano Seixal
Pitching: RHP Pedro Pagán
Batting: RHB Rodrigo Pagán 0-0: Ball
1-0: Ball
2-0: Ball
3-0: Base on Balls
Batting: RHB José Icaza 0-0: Swinging Strike
0-1: Ball
1-1: Ball
2-1: Foul Ball, location: 2F
2-2: Ball
3-2: Strikes out swinging
Rodrigo Pagán steals 2nd base
Batter strikes out.
Pitching: LHP Joaquín Soto
Batting: LHB Tony Ríos 0-0: Ball
1-0: Fly out, F4 (Line Drive, 4)
Pitching: RHP Marc Graham
Batting: RHB Luke Turner 0-0: Ball
1-0: Swinging Strike
1-1: Swinging Strike
1-2: Ball
2-2: Ball
3-2: SINGLE (Groundball, 6D)
Rodrigo Pagán to third
Rodrigo Pagán scores
Pitching: LHP Freddy Ramos
Pinch Hitting: RHB Patrick Samuels 0-0: Called Strike
0-1: Ball
1-1: Foul Ball, location: 2F
1-2: Ball
2-2: Strikes out looking
Bottom of the 8th over - 1 run(s), 1 hit(s), 0 error(s), 1 left on base; Ft. Polk South 4 - Ottawa 3
TOP OF THE 9TH
Ft. Polk South Thunder Hawks batting - Pitching for Ottawa Nationals : RHP Mike Lane
Pitching: RHP Edwin Ellis
Now at 1B: Patrick Samuels
Batting: RHB Henry Weber 0-0: Swinging Strike
0-1: Ball
1-1: Ball
2-1: Ball
3-1: Base on Balls
Batting: SHB Francisco Reyes 0-0: Foul Ball, location: 2F
0-1: Ball
1-1: Ball
2-1: Sac Bunt - play at second, runner OUT! 1-6
Batting: RHB Robbie Chambers 0-0: SINGLE (Groundball, 56D)
Francisco Reyes to second
Batting: RHB Darrell Goldstein 0-0: Ball
1-0: Ground out 5-3 (Groundball, 56S)
Francisco Reyes to third
Robbie Chambers to second
Batting: SHB Ted Hansen 0-0: Ground out U3 (Groundball, 3)
Top of the 9th over - 0 run(s), 1 hit(s), 0 error(s), 2 left on base; Ft. Polk South 4 - Ottawa 3
BOTTOM OF THE 9TH
Ottawa Nationals batting - Pitching for Ft. Polk South Thunder Hawks : LHP Freddy Ramos
Pitching: RHP Kip Hill
Now at C: Steven Grant
Now at 1B: Clark Calhoun
Pinch Hitting: SHB Cliff Hale 0-0: Ground out 1-3 (Groundball, 23)
Batting: LHB Javier Hernández 0-0: Ball
1-0: Fly out, F7 (Popup, 78S)
Batting: RHB Francisco Morales 0-0: Called Strike
0-1: Ground out 6-3 (Groundball, 6)
Bottom of the 9th over - 0 run(s), 0 hit(s), 0 error(s), 0 left on base; Ft. Polk South 4 - Ottawa 3
This league is powered by Out of the Park Baseball, the baseball management simulation game for PC, Mac and Linux
Friday, April 15th, 2016 - OOTP Baseball 16.9 Build 39